 Dungeon Crawl Stone Soup version 0.29.0-13-gc9e81de378 (webtiles) character file.

Game seed: 15159611114417486881

490 raistware the Conjurer (level 7, 0/41 HPs)
             Began as an Octopode Conjurer on Sept 8, 2022.
             Slain by Sigmund
             ... wielding a +0 scythe
              (9 damage)
             ... on level 4 of the Dungeon.
             The game lasted 00:06:12 (3888 turns).

raistware the Conjurer (Octopode Conjurer)          Turns: 3888, Time: 00:06:13

Health: 0/41       AC:  1    Str:  6    XL:     7   Next: 14%
Magic:  15/15      EV: 17    Int: 23    God:
Gold:   178        SH:  0    Dex: 10    Spells: 11/16 levels left

rFire   . . .      SeeInvis .   (no weapon)
rCold   . . .      Faith    .   (no shield)
rNeg    . . .      Spirit   .   (helmet restricted)
rPois   .          Reflect  .   (no amulet)
rElec   .          Harm     .   k - +4 ring of evasion
rCorr   .          Rampage  .   (no ring)
Will    .....                   (no ring)
Stlth   +++.......              (no ring)
HPRegen 0.13/turn               (no ring)
MPRegen 0.14/turn               (no ring)
                                (no ring)
                                (no ring)

@: no status effects
A: almost no armour, amphibious, 8 rings, camouflage 1, gelatinous body 1,
(nimble swimmer 1), tentacles
a: no special abilities


You were on level 4 of the Dungeon.
You visited 1 branch of the dungeon, and saw 6 of its levels.

You collected 178 gold pieces.

Inventory:

Missiles
 i - 6 curare-tipped darts
Jewellery
 g - a ring of ice
 k - a +4 ring of evasion (left tentacle)
Scrolls
 b - 2 scrolls of fear {unknown}
 d - a scroll of immolation {unknown}
 f - 2 scrolls of brand weapon {unknown}
 h - 6 scrolls of identify {unknown}
 m - a scroll of acquirement {unknown}
 p - a scroll of vulnerability {unknown}
 r - a scroll of enchant weapon {unknown}
 t - a scroll of teleportation {unknown}
 w - a scroll of magic mapping {unknown}
 y - a scroll of blinking {unknown}
Potions
 c - 2 potions of curing {unknown}
 e - 3 potions of heal wounds {unknown}
 j - a potion of flight {unknown}
 l - a potion of mutation {unknown}
 n - 2 potions of haste {unknown}
 q - a potion of berserk rage {unknown}
 s - a potion of ambrosia {unknown}
 u - a potion of lignification {unknown}
 v - a potion of might {unknown}
 x - a potion of degeneration {unknown}


   Skills:
 - Level 2.0 Dodging
 - Level 3.0 Stealth
 + Level 5.4 Spellcasting
 + Level 5.5 Conjurations
 - Level 2.0 Translocations


You had 11 spell levels left.
You knew the following spells:

 Your Spells              Type           Power      Damage    Failure   Level
a - Magic Dart            Conj           100%       1d8       1%          1
b - Iskenderun's Mystic   Conj/Tloc      23%        2d6       19%         4

Your spell library contained the following spells:

 Spells                   Type           Power      Damage    Failure   Level
 Searing Ray              Conj           62%        2d6       1%          2
 Dazzling Flash           Conj/Hex       38%        N/A       9%          3
 Portal Projectile        Hex/Tloc       20%        N/A       19%         3
 Frozen Ramparts          Ice            12%        1d2       26%         3
 Tukima's Dance           Hex            6%         N/A       26%         3
 Fulminant Prism          Conj/Hex       9%         3d7       28%         4
 Ice Form                 Ice/Tmut       6%         N/A       65%         4
 Summon Ice Beast         Ice/Summ       6%         N/A       65%         4
 Blade Hands              Tmut           3%         N/A       94%         5


Dungeon Overview and Level Annotations

Branches:
Dungeon (6/15)
 Temple: D:4-7

Altars:

Annotations:
D:4 Sigmund


Innate Abilities, Weirdness & Mutations

You cannot wear most types of armour.
You are amphibious.
You can wear up to eight rings at the same time.
Your skin changes colour to match your surroundings (Stealth+).
Your rubbery body absorbs attacks. (AC +1, EV +1)
((You are camouflaged when in or above water. (Stealth+)))
You have tentacles for arms and can constrict up to eight enemies at once.


Message History

The roots erupt in riotous growth!
Unknown command.
Unknown command.
Aiming: Fastroot
Press: ? - help, Shift-Dir - straight line The roots erupt in riotous growth!
Something barely misses you.
Casting: Iskenderun's Mystic Blast (quite dangerous; 19% risk of failure)
Confirm with . or Enter, or press ? or * to list all spells.
The spell is quite dangerous to miscast (19% risk of failure)!
Continue anyway?
You miscast Iskenderun's Mystic Blast.
You are very lightly contaminated with residual magic.
Nothing appears to happen.
Aiming: Fastroot
Press: ? - help, Shift-Dir - straight line The roots erupt in riotous growth!
Something hits you but does no damage. Something hits you.
You tentacle-slap something. Your squeeze misses something.
You closely miss something. Your squeeze misses something.
Something hits you but does no damage.
Casting: Iskenderun's Mystic Blast (quite dangerous; 19% risk of failure)
Confirm with . or Enter, or press ? or * to list all spells.
You can't see any susceptible monsters within range! (Use Z to cast anyway.) Unknown command.
Casting: Iskenderun's Mystic Blast (quite dangerous; 19% risk of failure)
Confirm with . or Enter, or press ? or * to list all spells.
The spell is quite dangerous to miscast (19% risk of failure)!
Continue anyway?
You erupt in a blast of force!
The mystic blast hits something.
You hear a shout!
Your magical contamination has completely faded away.
Aiming: Fastroot
Press: ? - help, Shift-Dir - straight line The roots erupt in riotous growth!
The now-empty wand crumbles to dust.
Something completely misses you.
You tentacle-slap something. Something hits you!
You closely miss something. Something hits you.
You closely miss something. You miss something. Something hits you!
* * * LOW HITPOINT WARNING * * *
Magic courses through your body. Something hits you!
You die...

..≈~♣.~~.....## .....
.~.~~..~.~.....## .....
...♣#~~~~♣......### ...
≈~.~..~..~........##.####.
~..~.♣~♣.....#..#..[......
.♣.≈~~..~.~...##...........
....~..~......#####.###....
..~...~.......#####.# .
#..#...).......@...#
#..###.####.#######
.#...#.# #.# #..#....####.#
#.....()....#
..........#..)###
#########.......#
#.#...#.####. #.#.#..÷.....


There were no monsters in sight!

Vanquished Creatures
  An ogre (D:4)
  A bullfrog (D:5)
  A howler monkey (D:5)
  3 hounds
  An iguana (D:4)
  2 orc wizards (D:4)
  7 adders
  A worm (D:2)
  A dart slug (D:3)
  6 orcs
  7 ball pythons
  7 endoplasms
  3 giant cockroaches
  3 goblins (D:2)
  6 hobgoblins
  4 jackals
  7 bats
  5 frilled lizards
  7 kobolds
  5 rats
78 creatures vanquished.

Notes
Turn   | Place    | Note
-------+----------+-------------------------------------------
     0 | D:1      | raistware the Octopode Conjurer began the quest for the
                  | Orb.
     0 | D:1      | Reached XP level 1. HP: 11/11 MP: 3/3
   577 | D:1      | Reached XP level 2. HP: 17/17 MP: 2/5
  1474 | D:2      | Reached XP level 3. HP: 21/21 MP: 1/7
  2164 | D:2      | Reached XP level 4. HP: 27/27 MP: 1/9
  2572 | D:2      | Found a faded altar of an unknown god.
  2612 | D:2      | Learned a level 4 spell: Iskenderun's Mystic Blast
  2952 | D:3      | Reached skill level 1 in Translocations
  2952 | D:3      | Reached XP level 5. HP: 31/31 MP: 6/11
  3210 | D:3      | You fall into a shaft and drop 3 floors!
  3263 | D:6      | Noticed a water moccasin
  3305 | D:5      | Entered Level 5 of the Dungeon
  3343 | D:5      | Reached XP level 6. HP: 36/36 MP: 4/12
  3537 | D:5      | Reached skill level 5 in Spellcasting
  3537 | D:5      | Reached skill level 5 in Conjurations
  3741 | D:4      | Reached XP level 7. HP: 29/41 MP: 1/15
  3858 | D:4      | Noticed Sigmund
  3888 | D:4      | Slain by Sigmund

Illustrated notes

Levels and vault maps discovered:
D:1:      giann_wishing_wells, layout_basic, minmay_heptomino_l4
D:2:      minmay_razor_zed, layout_rooms, basic_ecumenical_altar
D:3:      layout_rooms, mainiacjoe_overflow_alcove_1, nicolae_titane
D:4:      layout_rooms, general_overflow_altar, chequers_serial_rivers_marsh,
          uniq_sigmund
D:5:      layout_loops_cross, amcnicky_altar_gilded
D:6:      layout_loops_ring, kennysheep_slug_shrine, marbit_many_paths,
          temple_statues

Skill      XL: |  1  2  3  4  5  6 |
---------------+-------------------+-----
Spellcasting   | 3 4 5 |  5.4
Stealth        | 3 |  3.0
Translocations | 1 2 |  2.0
Conjurations   | 5 |  5.5
Dodging        | |  2.0

Action                   |  1- 3 |  4- 6 |  7- 9 || total
-------------------------+-------+-------+-------++-------
Melee: Unarmed           |     6 |    14 |     7 ||    27
       Tentacles         |     3 |     2 |     1 ||     6
       Constrict         |     3 |     1 |       ||     4
 Cast: Magic Dart        |    67 |   106 |     6 ||   179
       Iskenderun's Myst |       |     2 |     2 ||     4
Evoke: Wand              |       |       |     6 ||     6
  Use: Potion            |       |       |     1 ||     1
Armor: Skin              |     3 |     3 |     2 ||     8
Dodge: Dodged            |     7 |    24 |     3 ||    34
